 Dungeon Crawl Stone Soup version 0.27.0-1-g7a089689b8 (webtiles) character file.

Game seed: 7430123301348303617

219 Delamore the Sneak (level 5, 0/36 HPs)
             Began as an Octopode Brigand on Aug 6, 2021.
             Slain by Menkaure (9 damage)
             ... on level 4 of the Dungeon.
             The game lasted 00:01:28 (2200 turns).

Delamore the Sneak (Octopode Brigand)               Turns: 2200, Time: 00:01:29

Health: 0/36       AC:  5    Str: 10    XL:     5   Next: 96%
Magic:  5/5        EV: 13    Int: 14    God:
Gold:   110        SH:  0    Dex: 14    Spells: 4/4 levels left

rFire    . . .     SeeInvis +   a - +2 dagger
rCold    . . .     Faith    .   (no shield)
rNeg     . . .     Spirit   .   (helmet restricted)
rPois    .         Reflect  .   (no amulet)
rElec    .         Harm     .   f - +4 ring of protection
rCorr    .         Rampage  .   d - ring of see invisible
Will     .....                  (no ring)
Stlth    ++++......             (no ring)
HPRegen  0.12/turn              (no ring)
MPRegen  0.09/turn              (no ring)
                                (no ring)
                                (no ring)

@: no status effects
A: almost no armour, amphibious, 8 rings, camouflage 1, gelatinous body 1,
(nimble swimmer 1), tentacles
a: no special abilities


You were on level 4 of the Dungeon.
You visited 1 branch of the dungeon, and saw 4 of its levels.

You collected 110 gold pieces.

Inventory:

Hand Weapons
 a - a +2 dagger (weapon)
 i - a +0 dagger of pain
Missiles
 b - 8 poisoned darts (quivered)
 c - 2 curare-tipped darts
 j - a throwing net
Jewellery
 d - a ring of see invisible (right tentacle)
 f - a +4 ring of protection (left tentacle)
Scrolls
 o - a scroll of immolation
 p - 2 scrolls of teleportation
Potions
 e - a potion of curing {unknown}
 g - a potion of magic {unknown}
 h - a potion of berserk rage {unknown}
 k - a potion of attraction {unknown}
 m - a potion of mutation {unknown}
 n - a potion of invisibility {unknown}


   Skills:
 + Level 3.3 Fighting
 * Level 4.4 Short Blades
 - Level 2.0 Throwing
 + Level 2.8 Dodging
 - Level 5.3 Stealth


You had 4 spell levels left.
You didn't know any spells.
Your spell library was empty.

Dungeon Overview and Level Annotations

Branches:
Dungeon (4/15)
 Temple: D:4-7

Altars:
Dithmenos

Annotations:
D:4 Menkaure


Innate Abilities, Weirdness & Mutations

You cannot wear most types of armour.
You are amphibious.
You can wear up to eight rings at the same time.
Your skin changes colour to match your surroundings (Stealth+).
Your rubbery body absorbs attacks. (AC +1, EV +1)
((You are camouflaged near water. (Stealth+)))
You have tentacles for arms and can constrict up to eight enemies at once.


Message History

Menkaure, Prince of Dust comes into view.
There is an open door here.
Menkaure casts a spell at you. Pain shoots through your body!
Menkaure calls on the powers of darkness!
Your body is wracked with pain!
You are too injured to fight recklessly!
You are too injured to fight recklessly!
You are too injured to fight recklessly!
You are too injured to fight recklessly!
You are too injured to fight recklessly!
You are too injured to fight recklessly!
You are too injured to fight recklessly!
You are too injured to fight recklessly!
You are too injured to fight recklessly!
You are too injured to fight recklessly!
You hit Menkaure. You grab Menkaure.
Menkaure is lightly damaged.
You constrict Menkaure. You hit Menkaure but do no damage.
Menkaure is lightly damaged.
You constrict Menkaure. Menkaure hits you but does no damage.
You hit Menkaure but do no damage.
Menkaure is moderately damaged.
You constrict Menkaure, but do no damage.
Menkaure calls on the powers of darkness!
Your body is wracked with pain!
* * * LOW HITPOINT WARNING * * *
You hit Menkaure but do no damage.
Menkaure is moderately damaged.
You constrict Menkaure. You hit Menkaure.
Menkaure is moderately damaged.
You constrict Menkaure.
Menkaure mumbles some strange words.
Menkaure seems to speed up.
You hit Menkaure.
Menkaure is heavily damaged.
You constrict Menkaure. Menkaure hits you!
You die...

.§...§§..§....#....
##§§§§§.§§§#..+...
###§§§§.§§##..#..# +
##§§...# #..#..#
#####...####..#..#
#.......#..>..'..#
#..######.....#..+
##'#..........#..#
#..#..........#.@#
#..#.....#+####.M#
#..#.....+ .....
#..#.....#.........
##'#........#..#####
......########.
......# #. ......#
#. ......#


You could see Menkaure (fast).

Vanquished Creatures
  A phantom (D:4)
  Jessica (D:2)
  2 orc wizards (D:3)
  An adder (D:2)
  2 worms (D:2)
  5 orcs
  A bat (D:3)
  4 endoplasms
  A giant cockroach (D:2)
  2 goblins
  3 hobgoblins
  13 jackals
  2 kobolds
  2 quokkas
  4 ball pythons
44 creatures vanquished.

Notes
Turn   | Place    | Note
-------+----------+-------------------------------------------
     0 | D:1      | Delamore the Octopode Brigand began the quest for the Orb.
     0 | D:1      | Reached XP level 1. HP: 14/14 MP: 1/1
   746 | D:2      | Reached XP level 2. HP: 19/19 MP: 2/2
   796 | D:2      | Found a faded altar of an unknown god.
   897 | D:2      | Reached XP level 3. HP: 25/25 MP: 3/3
   947 | D:2      | Noticed Jessica
   955 | D:2      | Killed Jessica
  1141 | D:3      | Reached XP level 4. HP: 24/30 MP: 4/4
  1418 | D:3      | Reached XP level 5. HP: 26/36 MP: 5/5
  2038 | D:4      | Noticed a phantom
  2058 | D:4      | Killed a phantom
  2146 | D:4      | Found a shadowy altar of Dithmenos.
  2191 | D:4      | Noticed Menkaure
  2200 | D:4      | Slain by Menkaure

Illustrated notes

Levels and vault maps discovered:
D:1:      amcnicky_arrival_abandoned_market, layout_basic
D:2:      layout_rooms, basic_ecumenical_altar, kennysheep_generic_room_4,
          uniq_jessica
D:3:      layout_basic, chequers_serial_rivers_micro_e
D:4:      layout_gridville, mainiacjoe_overflow_alcove_2,
          nicolae_dithmenos_the_darkroom, serial_shops, shop, uniq_robin,
          uniq_menkaure

Skill      XL: |  1  2  3  4  5 |
---------------+----------------+-----
Short Blades   | 3 4 |  4.4
Dodging        | 2 |  2.8
Fighting       | 3 |  3.3
Throwing       | |  2.0
Stealth        | |  5.3

Action                   |  1- 3 |  4- 6 || total
-------------------------+-------+-------++-------
Melee: Dagger            |    33 |    73 ||   106
       Constrict         |    10 |    15 ||    25
       Tentacles         |     5 |    10 ||    15
  Use: Scroll            |       |     2 ||     2
 Stab: Sleeping          |     5 |     9 ||    14
Armor: Skin              |     6 |    17 ||    23
Dodge: Dodged            |    17 |    34 ||    51
